 Dungeon Crawl Stone Soup version 0.31-a0-277-g31ea1f65cc (webtiles) character file.

Game seed: 3324913701783169015

78 mopl the Ruffian (level 4, -6/33 HPs)
             Began as a Djinni Shapeshifter on July 15, 2023.
             Mangled by a gnoll
             ... wielding a +0 flail
              (11 damage)
             ... on level 2 of the Dungeon.
             The game lasted 00:02:33 (1248 turns).

mopl the Ruffian (Djinni Shapeshifter)              Turns: 1248, Time: 00:02:34

Health: -6/33      AC:  2    Str: 16    XL:     4   Next: 61%
Gold:   93         EV: 12    Int:  9    God:
                   SH:  4    Dex: 14

rFire   + + .        h - +2 whip (venom)
rCold   x . .        d - +0 buckler
rNeg    . . .        a - +0 animal skin
rPois   ∞            (helmet currently unavailable)
rElec   .            (cloak currently unavailable)
rCorr   .            (gloves currently unavailable)
SInv    .            (boots unavailable)
Will    +....        (no amulet)
Stlth   +            i - ring of willpower
HPRegen 0.25/turn    (no ring)
MPRegen 0.00/turn

%: infuse magic (-7 HP)
@: beast-form, flying
A: beast (slay +2), flying, sickness immunity, fire resistance 2, cold
vulnerability 1, float, innate caster, HP casting, extra vitality 1
a: Begin Untransformation


You were on level 2 of the Dungeon.
You were a hulking beast.
You visited 1 branch of the dungeon, and saw 2 of its levels.

You collected 93 gold pieces.

Inventory:

Hand Weapons
 h - a +2 whip of venom (weapon)
Missiles
 e - 3 javelins
 m - 10 poisoned darts
 o - 4 curare-tipped darts
Armour
 a - a +0 animal skin (worn)
 d - a +0 buckler (worn)
Jewellery
 i - a ring of willpower (left hand)
Talismans
 c - a beast talisman
Scrolls
 f - a scroll of identify {unknown}
 g - 4 scrolls of acquirement {unknown}
 k - 2 scrolls of brand weapon {unknown}
 l - a scroll of enchant armour {unknown}
 q - a scroll of revelation {unknown}
 r - a scroll of teleportation {unknown}
Potions
 b - a potion of lignification {!q}
 j - a potion of attraction {unknown}
 n - 2 potions of curing {unknown}
 p - a potion of magic {unknown}


   Skills:
 - Level 2.0 Fighting
 - Level 2.1 Dodging
 * Level 3.8 Unarmed Combat
 + Level 3.2 Shapeshifting


You knew the following spells:

 Your Spells              Type           Power      Damage    Failure   Level
a - Kiss of Death         Conj/Necr      0%         2d5       47%         1
Your spell library was empty.

Dungeon Overview and Level Annotations

Branches:
Dungeon (2/15)

Altars:


Innate Abilities, Weirdness & Mutations

You are a hulking beast.
Your limbs bulge with bestial killing power. (Slay +2)
You are flying.
You are immune to sickness and miasma.
You are immune to poison.
Your flesh is very heat resistant. (rF++)
You are vulnerable to cold. (rC-)
You float through the air rather than walking.
You learn spells naturally, not from books.
Your magical power is your life essence.
You have superior vitality. (+4 MHP)


Message History

The gnoll barely misses you.
You whack the gnoll!
The gnoll is heavily wounded.
The gnoll hits you but does no damage.
You hit the gnoll.
You kill the gnoll!
No target in view!
No target in view!
Things that are here:
a +0 spear; a gnoll corpse You see here a frilled lizard corpse.
You reach down and open the door.
HP restored.
r - a scroll labelled SEREHE HUBI You now have 83 gold pieces (gained 8).
m - 10 poisoned darts (gained 6)
You now have 93 gold pieces (gained 10).
The gnoll shouts!
A dart slug comes into view.
The gnoll hits you with a +0 flail!
You barely miss the gnoll. The gnoll hits you with a +0 flail.
The gnoll hits you with a +0 flail!
You are too injured to fight recklessly!
You are too injured to fight recklessly!
You hit the gnoll.
The gnoll is moderately wounded.
The gnoll hits you with a +0 flail.
* * * LOW HITPOINT WARNING * * *
You closely miss the gnoll.
The gnoll is moderately wounded.
The gnoll barely misses you.
You barely miss the gnoll.
The gnoll is moderately wounded.
You block the gnoll's attack. The dart slug launches a dart at you.
The slug dart hits you.
* * * LOW HITPOINT WARNING * * *
You hit the gnoll.
The gnoll is poisoned.
The gnoll is severely wounded.
The gnoll hits you with a +0 flail!
You die...

#.#.###.......# #.......# .#.##
#.#.###.# #.......## #.#.#
#.#.....# #........####
.#.####.####..# #...........#
####..........# #...........# #
#.......<.## #....g......#
####.........### #........####
.............#.######....B...###
.+.'............hgw.......>)...#
.###...........###...........#.#
## #.........#.# #....####.....#
# #....†.†..#.# #....####..####
######.....)##.###.......)..#
....##......##...#.#######.##
###..#......##.#.#.# #.#
##.............#.. #.#
###..........#### #.#


You could see a gnoll (very poisoned) and a dart slug.

Vanquished Creatures
  2 gnolls
  3 adders (D:2)
  4 endoplasms
  2 giant cockroaches
  3 goblins (D:1)
  A hobgoblin (D:1)
  A quokka (D:1)
  2 ball pythons (D:2)
  8 bats
  3 frilled lizards
  2 kobolds (D:2)
  2 rats (D:1)
33 creatures vanquished.

Notes
Turn   | Place    | Note
-------+----------+-------------------------------------------
     0 | D:1      | mopl the Djinni Shapeshifter began the quest for the Orb.
     0 | D:1      | Reached XP level 1. HP: 18/18 MP: 0/0
    62 | D:1      | You are sucked into a shaft and drop 1 floor!
   111 | D:2      | Reached XP level 2. HP: 14/23 MP: 0/0
   328 | D:1      | Reached XP level 3. HP: 26/28 MP: 0/0
   328 | D:1      | Learned a level 1 spell: Kiss of Death
   380 | D:1      | Reached skill level 3 in Unarmed Combat
   391 | D:1      | Reached skill level 3 in Shapeshifting
   834 | D:2      | Found a faded altar of an unknown god.
   987 | D:2      | Reached XP level 4. HP: 24/33 MP: 0/0
  1248 | D:2      | Mangled by a gnoll

Illustrated notes

Levels and vault maps discovered:
D:1:      minmay_arrival_hallway, layout_loops_cross
D:2:      layout_basic, dreamdust_ecumenical_altar_statues, minivault_24

Skill      XL: |  1  2  3 |
---------------+----------+-----
Unarmed Combat | 3 |  3.8
Shapeshifting  | 3 |  3.2
Fighting       | |  2.0
Dodging        | |  2.1

Action                     |  1- 3 |  4- 6 || total
---------------------------+-------+-------++-------
  Melee: Unarmed           |    25 |       ||    25
         Whip              |    36 |    31 ||    67
   Stab: Sleeping          |     1 |       ||     1
 Armour: Animal skin       |     6 |     7 ||    13
  Dodge: Dodged            |    30 |    26 ||    56
  Block: Buckler           |    13 |     6 ||    19
         Form:             |     1 |       ||     1
         Beast             |     1 |       ||     1

Table legend: (Time is in decaauts)
 A = Elapsed time spent in this place.
 B = Non-inter-level travel time spent in this place.
 C = Inter-level travel time spent in this place.
 D = Time resting spent in this place.
 E = Time spent auto-exploring this place.
 F = Levels seen in this place.
 G = Mean time per level.
                   A        B        C        D        E       F      G
               +--------+--------+--------+--------+--------+-----+--------+
         Total |   1258 |   1219 |     39 |    132 |    730 |   2 |  629.0 |
       Dungeon |   1258 |   1219 |     39 |    132 |    730 |   2 |  629.0 |
               +--------+--------+--------+--------+--------+-----+--------+

Top non-repeatable levels by time:
     D:1: 723 daAuts
     D:2: 535 daAuts
